AoeStats
← GA | Oink

Arabia

507978507Analyzed
1v1 RM · 10d ago on Sep 20, 2026· 27m 42s· 2 players
Game mode
Random Map
Map size
Tiny (2 player)
Population
200
Speed
Normal
Resources
Standard
Victory
Conquest
Starting age
Dark Age
Ending age
Imperial Age
RankedLock teamsTeams togetherTeam positionsShared explorationLock speedFull tech treeHidden civsTurbo modeCheats
Victory
Defeat
🇩🇪 Romans · Germany
1072
+15
🇩🇪 Portuguese · Germany
1041
-15
Siltrim_Gaming
5:55 Loom
9:23 Feudal Age
10:12 Man-at-Arms
12:07 Double-Bit Axe
14:10 Scale Mail Armor
20:18 Forging
22:45 Castle Age
22:51 Long Swordsman
24:13 Chain Mail Armor
GA | Oink
11:24 Feudal Age
15:57 Castle Age
14:15 Double-Bit Axe
14:40 Horse Collar
23:05 Bow Saw
Connection lost

Rejoining the realm…

Still unreachable

The connection could not be restored.

Session expired

The server has moved on; the page needs a fresh start.